AoeStats
← [B$] kaeffer

Lombardia

509927477Analyzed
2v2 RM · 4d ago on Sep 28, 2026· 37m 25s· 4 players
Game mode
Random Map
Map size
Medium (4 player)
Population
200
Speed
Normal
Resources
Standard
Victory
Conquest
Starting age
Dark Age
Ending age
Imperial Age
RankedLock teamsTeams togetherTeam positionsShared explorationLock speedFull tech treeHidden civsTurbo modeCheats
Victory
Defeat
🇩🇪 Britons · Germany
1192
+15
🇩🇪 Magyars · Germany
1189
+15
🇺🇸 Mongols · United States
1195
-17
🇧🇷 Varangians · Brazil
1125
-13
Falke
10:38 Feudal Age
14:16 Castle Age
13:00 Double-Bit Axe
13:27 Fletching
14:23 Horse Collar
14:50 Crossbowman
21:17 Heavy Plow
23:25 Wheelbarrow
24:59 Bodkin Arrow
26:45 Gold Mining
27:47 Ballistics
27:32 Padded Archer Armor
28:42 Hand Cart
29:00 Stone Mining
29:25 Loom
34:23 Imperial Age
34:21 Yeomen
35:18 Gold Shaft Mining
35:05 Bow Saw
36:19 Chemistry
36:08 Caravan
[B$] kaeffer
8:28 Loom
10:39 Feudal Age
14:40 Scale Barding Armor
15:38 Horse Collar
17:51 Bloodlines
19:52 Double-Bit Axe
24:36 Castle Age
23:03 Gold Mining
23:49 Stone Mining
26:26 Wheelbarrow
25:53 Heavy Plow
26:05 Bow Saw
26:27 Chain Barding Armor
26:32 Husbandry
29:20 Town Watch
31:25 Gold Shaft Mining
36:25 Hand Cart
39:43 Imperial Age
Stock_br
2:57 Loom
6:52 Loom
10:32 Feudal Age
16:05 Castle Age
14:50 Double-Bit Axe
14:53 Horse Collar
25:39 Stone Mining
27:58 Scale Mail Armor
29:20 Forging
31:22 Wheelbarrow
31:02 Scale Barding Armor
30:51 Gambesons
32:45 Chain Barding Armor
33:16 Bloodlines
33:49 Fletching
34:10 Padded Archer Armor
34:40 Bodkin Arrow
34:08 Elite Skirmisher
35:04 Gold Mining
bennnnnnnnnnn
6:58 Loom
11:36 Feudal Age
12:14 Double-Bit Axe
15:40 Scale Barding Armor
15:38 Horse Collar
16:25 Bloodlines
24:51 Castle Age
26:03 Bow Saw
26:22 Stone Mining
26:22 Gold Mining
27:19 Wheelbarrow
26:30 Town Watch
28:15 Light Cavalry
29:23 Heavy Plow
29:50 Fletching
31:25 Stone Shaft Mining
31:25 Gold Shaft Mining
37:05 Imperial Age
35:51 Bodkin Arrow
36:27 Thumb Ring
37:09 Padded Archer Armor
Connection lost

Rejoining the realm…

Still unreachable

The connection could not be restored.

Session expired

The server has moved on; the page needs a fresh start.